 Dungeon Crawl Stone Soup version 0.31.0-32-g396128a36d (webtiles) character file.

Game seed: 11174990419603953818

7653 Elliot the Protected (level 10, -3/139 HPs)
             Began as a Minotaur Berserker on Mar 18, 2024.
             Was a High Priest of Trog.
             Killed by divine providence
             ... invoked by an orc priest
              (11 damage)
             ... on level 9 of the Dungeon on Mar 22, 2024.
             The game lasted 00:43:54 (9855 turns).

Elliot the Protected (Minotaur Berserker)           Turns: 9855, Time: 00:43:56

Health: -3/139     AC: 15    Str: 27    XL:     10   Next: 99%
Magic:  9/9        EV: 10    Int:  4    God:    Trog [*****.]
Gold:   637        SH:  0    Dex: 13    Spells: 9/9 levels left

rFire   x . .        N - +6 great mace (heavy)
rCold   . . .        (shield currently unavailable)
rNeg    . . .        x - +0 plate armour
rPois   .            (helmet restricted)
rElec   .            (no cloak)
rCorr   .            (no gloves)
SInv    .            (no boots)
Will    .....        (no amulet) Stlth
                     p - ring "Ylootu Joca" {rF- Dex+4 Slay+4}
HPRegen 1.23/turn    (no ring)
MPRegen 0.11/turn

%: no passive effects
@: berserking, marked, invisible, very quick
A: horns 2, retaliatory headbutt, regeneration 1
a: Renounce Religion, Berserk, Trog's Hand, Brothers in Arms


You were on level 9 of the Dungeon.
You worshipped Trog.
Trog was extremely pleased with you.
You visited 1 branch of the dungeon, and saw 9 of its levels.
You also visited: Sewer.

You collected 637 gold pieces.

Inventory:

Hand Weapons
 a - a +0 mace
 m - a +2 mace of draining
 s - a +2 mace of venom
 u - the +7 staff of the Meek {protect, meekguard}
   (You found it on level 4 of the Dungeon)
 N - a +6 heavy great mace (weapon)
Missiles
 F - 3 throwing nets (quivered)
Armour
 b - a +0 animal skin
 f - a +2 pair of boots
 l - a +0 ring mail
 q - a +0 helmet
 x - a +0 plate armour (worn)
 J - the +1 robe of the Loofah {Int+5}
   (You found it on level 8 of the Dungeon)

   Int+5:     It affects your intelligence (+5).
Jewellery
 p - the ring "Ylootu Joca" (left hand) {rF- Dex+4 Slay+4}
   (You acquired it on level 4 of the Dungeon)

   [ring of slaying]

   Dex+4:     It affects your dexterity (+4).
   Slay+4:    It affects your accuracy & damage with ranged weapons and melee
   (+4).
   rF-:       It makes you vulnerable to fire.
 v - the ring "Daqumaes" {Ice rPois Str-2 Int+2 Dex+5}
   (You found it on level 8 of the Dungeon)

   [ring of ice]

   Ice:       It enhances your ice magic.
   Str-2:     It affects your strength (-2).
   Int+2:     It affects your intelligence (+2).
   Dex+5:     It affects your dexterity (+5).
   rF-:       It makes you vulnerable to fire.
   rC+:       It protects you from cold.
   rPois:     It protects you from poison
 y - a ring of protection from cold
 H - a ring of see invisible
 O - an amulet of the acrobat
Wands
 n - a wand of paralysis (24)
Scrolls
 c - 4 scrolls of teleportation
 e - a scroll of blinking
 g - a scroll of fog
 o - 2 scrolls of immolation
 t - a scroll of enchant armour
 w - a scroll of fear
 C - a scroll of identify
 G - a scroll of revelation
Potions
 d - 2 potions of brilliance {unknown}
 h - a potion of mutation
 i - a potion of magic {unknown}
 j - 3 potions of attraction
 k - a potion of lignification
 r - a potion of resistance {unknown}
 z - a potion of degeneration {unknown}
 A - a potion of invisibility
 B - a potion of enlightenment {unknown}
 D - 2 potions of cancellation {unknown}
 E - a potion of might {unknown}
 L - a potion of haste {unknown}
 M - a potion of curing {unknown}


   Skills:
 + Level 9.9 Fighting
 + Level 12.0 Maces & Flails
 + Level 12.6 Armour
 + Level 5.5 Dodging
 + Level 1.7 Stealth


You had 9 spell levels left.
You didn't know any spells.
Your spell library was empty.

Dungeon Overview and Level Annotations

Branches:
Dungeon (9/15)             Temple (0/1) D:6           Sewer (visited)
   Lair: D:8-11         Orc: D:9-12

Altars:
Ashenzari
Dithmenos
Gozag
Hepliaklqana
Trog
Wu Jian
Xom
The Shining One


Innate Abilities, Weirdness & Mutations

You have a pair of horns on your head.
You reflexively headbutt those who attack you in melee.
Your natural rate of healing is unusually fast.


Message History

* * * LOW HITPOINT WARNING * * *
The unseen horror simulacrum hits you but does no damage.
The unseen horror simulacrum closely misses you.
The unseen horror simulacrum hits you but does no damage.
The orc wizard casts a spell at you.
The unseen horror simulacrum appears confused.
The unseen horror simulacrum barely misses you.
You pound the unseen horror simulacrum like an anvil!!!
The unseen horror simulacrum vaporises!
Trog accepts your kill.
The unseen horror simulacrum hits you but does no damage. x2
You are too berserk!
The unseen horror simulacrum hits you but does no damage.
You sock the unseen horror simulacrum!
You headbutt the unseen horror simulacrum!
The unseen horror simulacrum is almost destroyed.
The unseen horror simulacrum closely misses you.
You furiously retaliate!
You headbutt the unseen horror simulacrum!
The unseen horror simulacrum vaporises!
Trog accepts your kill.
A water moccasin comes into view.
An orc priest comes into view. It is wielding a +0 flail.
The orc warrior hits you from afar with a +0 halberd!
* * * LOW HITPOINT WARNING * * *
You sock the orc wizard!
You feel the power of Trog in you as your rage grows.
You kill the orc wizard!
Trog accepts your kill.
Trog appreciates your killing of a magic user.
The orc warrior hits you but does no damage.
The orc priest barely misses you.
Okay, then.
You bludgeon the gnoll!!
You kill the gnoll!
Trog accepts your kill.
An orc priest comes into view. It is wielding a +0 hand axe.
The orc priest invokes the aid of Beogh against you.
Beogh smites you!
You die...

#.# ...# .. ##..
...##..
####...##......
##.###..#..... .
#.)o.#....... ..>
#@)gg......# #...
#..og....))# .....
####....o..##.....
##og..).gg.....
#.S...)o......
##..o...o......
##.....<.gg.....
#.....#.#......#
##...[#.##...go.


You could see an orc warrior (unable to see you), a water moccasin (unable to
see you), a gnoll sergeant (unable to see you), 3 orc priests, 3 gnolls and an
orc (unable to see you).

Vanquished Creatures
  A two-headed ogre (D:8)
  A skeletal warrior (D:8)
  The ghost of ChadusMaximus the Summoner, a novice BaSu of Hepliaklqana (D:8)
  A hornet (D:9)
  Grinder (D:3)
  A slime creature (D:8)
  A wyvern (D:7)
  2 unseen horror simulacra (D:9)
  A hog (shapeshifter) (D:8)
  4 yaks
  Eustachio (D:5)
  A steam dragon (D:8)
  2 water moccasins
  Duvessa (D:7)
  An orc warrior (D:9)
  2 sky beasts
  Pargi (Sewer)
  2 ice beasts (D:7)
  2 black bears (D:6)
  An ogre (D:6)
  2 centaurs
  A brain worm (Sewer)
  5 bullfrogs
  2 gnoll sergeants (D:8)
  2 scorpions
  9 wights
  Dowan (D:7)
  4 killer bees (D:8)
  2 electric eels (D:6)
  4 howler monkeys
  A bombardier beetle (D:6)
  A hound (D:7)
  4 orc priests
  A jelly (D:8)
  2 gnoll boudas
  2 sleepcaps
  Jessica (D:2)
  2 iguanas
  13 orc wizards
  27 gnolls
  6 adders
  A white imp (D:7)
  2 ufetubi (D:6)
  2 dart slugs
  19 orcs
  9 endoplasms
  3 giant cockroaches
  29 goblins
  38 hobgoblins
  6 jackals
  11 kobolds
  A quokka (D:3)
  11 ball pythons
  9 bats
  3 frilled lizards
  7 rats
271 creatures vanquished.

Notes
Turn   | Place    | Note
-------+----------+-------------------------------------------
     0 | D:1      | Elliot the Minotaur Berserker began the quest for the Orb.
     0 | D:1      | Reached XP level 1. HP: 19/19 MP: 0/0
   208 | D:1      | Reached XP level 2. HP: 20/27 MP: 1/1
   596 | D:1      | You fall into a shaft and drop 1 floor!
   608 | D:2      | Reached XP level 3. HP: 31/33 MP: 2/2
   613 | D:1      | Reached ** piety under Trog
  1004 | D:2      | Found a hazy altar of Hepliaklqana.
  1034 | D:2      | Noticed Jessica
  1043 | D:2      | Killed Jessica
  1044 | D:2      | Reached skill level 5 in Maces & Flails
  1044 | D:2      | Reached XP level 4. HP: 28/41 MP: 3/3
  1668 | D:3      | Noticed Grinder
  1693 | D:3      | Paralysed by Grinder for 5 turns
  1702 | D:3      | Killed Grinder
  1703 | D:3      | Reached skill level 5 in Fighting
  1703 | D:3      | Reached XP level 5. HP: 22/48 MP: 4/4
  1703 | D:3      | Reached XP level 6. HP: 26/56 MP: 5/5
  2325 | D:3      | Found a faded altar of an unknown god.
  3018 | D:4      | Noticed a yak
  3018 | D:4      | Noticed a yak
  3018 | D:4      | Noticed a yak
  3026 | D:4      | Killed a yak
  3027 | D:4      | Reached XP level 7. HP: 32/62 MP: 6/6
  3028 | D:4      | Killed a yak
  3032 | D:4      | Killed a yak
  3033 | D:4      | Reached skill level 5 in Armour
  3033 | D:4      | Reached skill level 1 in Stealth
  3223 | D:4      | Identified the +4 dagger "Pazob" {freeze, rF+ SInv}
  3227 | D:4      | Found a broken altar of Ashenzari.
  3490 | D:4      | Reached *** piety under Trog
  3660 | D:4      | Found the +7 staff of the Meek {protect, meekguard}
  3696 | D:4      | Found a glowing drain.
  3707 | Sewer    | Entered a sewer
  3748 | Sewer    | Noticed Pargi
  3757 | Sewer    | Killed Pargi
  3758 | Sewer    | Reached XP level 8. HP: 55/70 MP: 7/7
  4036 | D:4      | Identified a scroll of acquirement
  4038 | D:4      | Acquired the ring "Ylootu Joca" {rF- Dex+4 Slay+4}
  4091 | D:5      | Entered Level 5 of the Dungeon
  4258 | D:5      | Identified the +3 short sword "Hioteomn" {venom, rC- Int+3
                  | Dex+7 SInv}
  4557 | D:5      | Noticed Eustachio
  4571 | D:5      | Killed Eustachio
  4629 | D:5      | Gained mutation: Your natural rate of healing is unusually
                  | fast. [potion of mutation]
  5341 | D:6      | Reached skill level 5 in Dodging
  5354 | D:6      | Found a hazy altar of Hepliaklqana.
  5356 | D:6      | Found a shimmering altar of Xom.
  5357 | D:6      | Noticed a spectral ugly thing
  5555 | D:6      | Found a staircase to the Ecumenical Temple.
  5603 | D:6      | Reached **** piety under Trog
  5670 | D:6      | Found a bloodstained altar of Trog.
  5832 | D:6      | Reached XP level 9. HP: 64/78 MP: 8/8
  5998 | D:6      | Found an ornate altar of the Wu Jian Council.
  6157 | D:6      | Found a shadowy altar of Dithmenos.
  6562 | D:6      | Reached ***** piety under Trog
  7692 | D:7      | Noticed Duvessa
  7693 | D:7      | Noticed Dowan
  7700 | D:7      | Reached skill level 10 in Maces & Flails
  7701 | D:7      | Killed Dowan
  7708 | D:7      | Killed Duvessa
  7961 | D:7      | Reached skill level 10 in Armour
  8506 | D:8      | Found a transporter.
  8508 | D:8      | Noticed ChadusMaximus's ghost (novice BaSu)
  8514 | D:8      | Noticed a skeletal warrior
  8520 | D:8      | Identified the ring "Daqumaes" {Ice rPois Str-2 Int+2
                  | Dex+5}
  8520 | D:8      | Noticed a yaktaur
  8525 | D:8      | Noticed a lightning spire
  8535 | D:8      | Killed ChadusMaximus's ghost
  8536 | D:8      | Reached XP level 10. HP: 54/90 MP: 9/9
  8541 | D:8      | Killed a skeletal warrior
  8620 | D:8      | Identified the +1 robe of the Loofah {Int+5}
  8634 | D:8      | Found a transporter.
  8727 | D:8      | Found a glowing golden altar of the Shining One.
  8734 | D:8      | Found an opulent altar of Gozag.
  8738 | D:8      | Noticed a two-headed ogre
  8748 | D:8      | Killed a two-headed ogre
  9466 | D:8      | Received a gift from Trog
  9852 | D:9      | HP: 5/138 [orc warrior/+0 halberd (10)]
  9855 | D:9      | Killed from afar by an orc priest

Illustrated notes

Levels and vault maps discovered:
D:1:      minmay_arrival_diagonal_passages, layout_basic, minivault_11
D:2:      layout_rooms, basic_altar, uniq_jessica
D:3:      layout_basic, dreamdust_ecumenical_altar_statues,
          minmay_fractal_squares_gapless_5, uniq_grinder
D:4:      layout_rooms, kennysheep_mini_moat,
          mainiacjoe_sewer_entry_somewhere_in_here_2
D:5:      layout_basic, nicolae_houndstooth_variations, uniq_eustachio
D:6:      minmay_goblin_kobold_castle, layout_rooms,
          regret_index_temple_of_mockery, kennysheep_little_box,
          mainiacjoe_overflow_big_doors, minmay_temple_entry_wispy,
          kennysheep_flooded_box, minmay_misc_feat_cross,
          nicolae_twisty_statue_hallways
D:7:      layout_basic, uniq_duvessa
D:8:      layout_basic, grunt_temple_overflow_open, nzn_ghost_randoct
D:9:      layout_cave_pools, lemuel_doored_altar, erik_orc_2, serial_ice,
          serial_ice_b, serial_ice_g, serial_ice_m, serial_ice_c

Skill      XL: |  1  2  3  4  5  6  7  8  9 10 |
---------------+-------------------------------+-----
Fighting       | 4 5 6 8 9 |  9.9
Maces & Flails | 4 5 6 7 9 10 12 | 12.0
Armour         | 3 6 8 10 12 | 12.6
Dodging        | 3 4 5 |  5.5
Stealth        | 1 |  1.7

Action                     |  1- 3 |  4- 6 |  7- 9 | 10-12 || total
---------------------------+-------+-------+-------+-------++-------
  Melee: Mace              |    65 |    65 |   421 |   138 ||   689
         Headbutt          |     8 |     8 |    54 |    28 ||    98
         Punch             |     2 |       |     4 |     4 ||    10
         Great mace        |       |       |       |    17 ||    17
 Invoke: Berserk           |       |     2 |     4 |     2 ||     8
         Trog's Hand       |       |       |       |     1 ||     1
    Use: Scroll            |     2 |     5 |     4 |     4 ||    15
         Potion            |       |       |     3 |     2 ||     5
 Armour: Animal skin       |    53 |    13 |       |       ||    66
         Ring mail         |       |    36 |    68 |       ||   104
         Plate armour      |       |       |   480 |   173 ||   653
  Dodge: Dodged            |    61 |    42 |   284 |   103 ||   490
